 Dungeon Crawl Stone Soup version 0.18.1-48-g4cf74bf (webtiles) character file.

203 lxmarduk the Conjurer (level 5, -11/28 HPs)
             Began as a Deep Elf Conjurer on July 1, 2016.
             Killed themself with a badly aimed iceblast (12 damage)
             ... on level 3 of the Dungeon.
             The game lasted 00:12:04 (1865 turns).

lxmarduk the Conjurer (Deep Elf Conjurer)           Turns: 1865, Time: 00:12:05

Health: -11/28     AC:  3    Str:  5    XL:     5   Next: 51%
Magic:  5/15       EV: 12    Int: 21    God:
Gold:   103        SH:  4    Dex: 15    Spells: 1 memorised, 14 levels left

rFire  . . .     SeeInvis .     (no weapon)
rCold  . . .     Gourm    .     a - +0 robe
rNeg   . . .     Faith    .     x - +0 buckler
rPois  .         Spirit   .     (no helmet)
rElec  .         Dismiss  .     (no cloak)
rCorr  .         Reflect  .     (no gloves)
SustAt .         Harm     .     u - +0 pair of boots
MR     .....                    (no amulet)
Stlth  ++........               (no ring)
                                (no ring)

@: not resistant to hostile enchantments, unstealthy
A: no striking features
a: no special abilities


You were on level 3 of the Dungeon.
You were not hungry.

You visited 1 branch of the dungeon, and saw 3 of its levels.

You collected 103 gold pieces.

Inventory:

Armour
 a - a +0 robe (worn)
 u - a +0 pair of boots (worn)
 x - a +0 buckler (worn)
Jewellery
 C - an uncursed ring of magical power {unknown}
Wands
 r - a wand of iceblast (8/15)
Scrolls
 d - a scroll of immolation {unknown}
 j - 3 scrolls of identify {unknown}
 k - a scroll of amnesia {unknown}
 m - a scroll of noise {unknown}
 o - a scroll of random uselessness {unknown}
 p - a scroll of remove curse {unknown}
 t - a scroll of magic mapping {unknown}
 y - 2 scrolls of blinking {unknown}
 D - a scroll of teleportation {unknown}
Potions
 e - a potion of mutation {unknown}
 f - a potion of curing {unknown}
 h - a potion of beneficial mutation {unknown}
 i - 2 potions of berserk rage {unknown}
 l - a potion of lignification {unknown}
 n - a potion of magic {unknown}
 q - a potion of ambrosia {unknown}
 s - a potion of cancellation {unknown}
 w - a potion of degeneration {unknown}
 A - a potion of might {unknown}
Books
 b - a book of Conjurations

   Spells                             Type                      Level
   a - Magic Dart                     Conjuration                  1
   b - Searing Ray                    Conjuration                  2
   c - Dazzling Spray                 Conjuration/Hexes            3
   d - Fulminant Prism                Conjuration/Hexes            4
   e - Iskenderun's Mystic Blast      Conjuration                  4
   f - Iskenderun's Battlesphere      Conjuration/Charms           5
 v - a book of Beasts

   Spells                             Type                      Level
   a - Summon Butterflies             Summoning                    1
   b - Call Canine Familiar           Summoning                    3
   c - Summon Ice Beast               Ice/Summoning                4
   d - Summon Mana Viper              Hexes/Summoning              5
   e - Summon Hydra                   Summoning                    7
Comestibles
 c - 2 bread rations
 g - 3 beef jerkies
 B - 2 fruits


   Skills:
 + Level 2.9 Dodging
 + Level 2.7 Stealth
 * Level 0.7 Shields
 * Level 5.7 Spellcasting
 + Level 5.7 Conjurations


You had 14 spell levels left.
You knew the following spells:

 Your Spells              Type           Power        Failure   Level  Hunger
a - Magic Dart            Conj           ####         1%          1    None


Dungeon Overview and Level Annotations

Branches:
Dungeon (3/15)

Altars:
Ashenzari
Pakellas


Message History

Confirm with . or Enter, or press ? or * to list all spells.
Aiming: Magic Dart
Press: ? - help, Shift-Dir - straight line The magic dart hits the sky beast.
The sky beast is severely wounded.
The sky beast hits you.
* * * LOW HITPOINT WARNING * * *
The sky beast shocks you.
* * * LOW HITPOINT WARNING * * *
Zapping:
r - a wand of iceblast (will waste charges)
Press: ? - help, Shift-Dir - straight line That beam is likely to hit you.
Continue anyway?
Uppercase [Y]es or [N]o only, please.
That beam is likely to hit you.
Continue anyway?
The mass of ice explodes!
The iceblast engulfs the sky beast.
You kill the sky beast!
Your Spellcasting skill increases to level 5!
You have reached level 5!
The iceblast engulfs you!
You die...

#.....#.########.##.##.#
##.##...# #.##.##.#
#.####.# #.##.#..#
#.#....#
#.##.#.#########
#.#.#####
#.##.#..........
#.#.....#
#.##############
#.####### ..#
........... #.#
.#######################
#..
.......@...............#
######################.#
##.# #..# #.## #..# ##..
###


There were no monsters in sight!

Vanquished Creatures
  A sky beast (D:3)
  4 adders
  An ooze (D:3)
  A dart slug (D:1)
  2 giant geckos (D:1)
  3 giant cockroaches
  9 hobgoblins
  2 jackals (D:2)
  9 kobolds
  A quokka (D:2)
  3 ball pythons
  7 bats
  7 giant newts
  7 goblins
  8 rats
65 creatures vanquished.

Notes
Turn   | Place    | Note
--------------------------------------------------------------
     0 | D:1      | lxmarduk the Deep Elf Conjurer began the quest for the Orb.
     0 | D:1      | Reached XP level 1. HP: 10/10 MP: 6/6
   133 | D:1      | Reached XP level 2. HP: 15/15 MP: 4/8
   286 | D:1      | Reached skill level 5 in Conjurations
   480 | D:1      | Reached XP level 3. HP: 19/19 MP: 5/10
   733 | D:2      | Found a shattered altar of Ashenzari.
   959 | D:2      | Reached XP level 4. HP: 24/24 MP: 8/11
  1093 | D:2      | Found an oddly glowing altar of Pakellas.
  1855 | D:3      | Noticed a sky beast
  1864 | D:3      | HP: 1/24 [sky beast (6)]
  1865 | D:3      | Killed a sky beast
  1865 | D:3      | Reached skill level 5 in Spellcasting
  1865 | D:3      | Reached XP level 5. HP: 1/28 MP: 5/15
  1865 | D:3      | Killed themself with a badly aimed iceblast

Skill      XL: |  1  2  3  4 |
---------------+-------------+-----
Conjurations   | 5 |  5.7
Spellcasting   | 5 |  5.7
Dodging        | |  2.9
Stealth        | |  2.7
Shields        | |  0.7

Action                   |  1- 3 |  4- 6 || total
-------------------------+-------+-------++-------
 Cast: Magic Dart        |    78 |    40 ||   118
  Eat: Chunk             |       |     3 ||     3
Armor: Robe              |       |     1 ||     1
Dodge: Dodged            |    13 |       ||    13
